 Dungeon Crawl Stone Soup version 0.25-a0-460-g4f2eb97ec1 (webtiles) character file.

Game seed: 12333665692832936332, levelgen mode: deterministic

1807 Nattfarinn the Charmwright (level 9, -6/69 HPs)
             Began as a Gnoll Skald on Feb 3, 2020.
             Was a Follower of Uskayaw.
             Mangled by a two-headed ogre
             ... wielding a +0 giant club
              (19 damage)
             ... on level 6 of the Dungeon.
             The game lasted 00:12:17 (7694 turns).

Nattfarinn the Charmwright (Gnoll Skald)            Turns: 7694, Time: 00:12:18

Health: -6/69      AC:  7    Str: 15    XL:     9   Next: 9%
Magic:  18/18      EV: 21    Int: 15    God:    Uskayaw [*.....]
Gold:   293        SH:  0    Dex: 17    Spells: 19/20 levels left

rFire    . . .     SeeInvis .   c - +1 dagger (venom)
rCold    . . .     Gourm    .   (no shield)
rNeg     . . .     Faith    .   A - +0 scale mail
rPois    .         Spirit   .   (no helmet)
rElec    .         Reflect  .   (no cloak)
rCorr    .         Harm     .   (no gloves)
MR       .....                  (no boots)
Stlth    +.........             (no amulet)
HPRegen  0.21/turn              h - +5 ring of evasion
MPRegen  0.16/turn              u - +3 ring of evasion

@: no status effects
A: distributed training, fangs 1, strong nose
a: Stomp, Renounce Religion


You were on level 6 of the Dungeon.
You worshipped Uskayaw.
Uskayaw was noncommittal.
You were hungry.

You visited 2 branches of the dungeon, and saw 7 of its levels.

You collected 293 gold pieces.

Inventory:

Hand Weapons
 a - a +0 spear
 c - a +1 dagger of venom (weapon)
Armour
 b - a +0 leather armour
 q - a +1 leather armour
 A - a +0 scale mail (worn)
Jewellery
 h - a +5 ring of evasion (left hand)
 s - an uncursed ring of protection from cold
 u - a +3 ring of evasion (right hand)
 v - an uncursed ring of ice
 y - an uncursed ring of protection from fire {unknown}
 E - an uncursed ring of fire {unknown}
Wands
 n - a wand of disintegration (3)
Scrolls
 e - a scroll of remove curse
 g - a scroll of enchant armour
 i - a scroll of fog
 o - a scroll of noise
 p - 3 scrolls of identify
 t - a scroll of fear {unknown}
 w - a scroll of random uselessness {unknown}
 x - 3 scrolls of enchant weapon
 C - 4 scrolls of teleportation {unknown}
Potions
 f - 3 potions of haste {unknown}
 j - a potion of heal wounds {unknown}
 k - a potion of degeneration {unknown}
 m - a potion of cancellation {unknown}
 r - a potion of resistance {unknown}
 z - 4 potions of mutation {unknown}
 B - a potion of lignification {unknown}
 D - a potion of flight {unknown}
Comestibles
 d - 10 rations


   Skills:
 + Level 6.0 Fighting
 + Level 3.8 Short Blades
 + Level 3.8 Long Blades
 + Level 3.8 Axes
 + Level 3.8 Maces & Flails
 + Level 6.0 Polearms
 + Level 3.8 Staves
 + Level 3.8 Slings
 + Level 3.8 Bows
 + Level 3.8 Crossbows
 + Level 3.8 Throwing
 + Level 4.6 Armour
 + Level 6.0 Dodging
 + Level 3.8 Stealth
 + Level 3.8 Shields
 + Level 3.8 Unarmed Combat
 + Level 6.3 Spellcasting
 + Level 3.1 Conjurations
 + Level 3.1 Hexes
 + Level 6.3 Charms
 + Level 3.1 Summonings
 + Level 3.1 Necromancy
 + Level 3.1 Translocations
 + Level 3.1 Transmutations
 + Level 3.1 Fire Magic
 + Level 3.1 Ice Magic
 + Level 3.1 Air Magic
 + Level 3.1 Earth Magic
 + Level 3.1 Poison Magic
 + Level 4.2 Invocations
 + Level 3.8 Evocations


You had 19 spell levels left.
You knew the following spells:

 Your Spells              Type           Power        Failure   Level  Hunger
a - Infusion              Chrm           ###.         3%          1    None

Your spell library contained the following spells:

 Spells                   Type           Power        Failure   Level  Hunger
 Song of Slaying          Chrm           ###.....     5%          2    #......
 Shroud of Golubria       Chrm/Tloc      ###...       11%         2    #......
 Ozocubu's Armour         Chrm/Ice       ###.....     22%         3    ##.....
 Spectral Weapon          Hex/Chrm       ###.....     22%         3    ##.....


Dungeon Overview and Level Annotations

Branches:
Dungeon (6/15)             Temple (1/1) D:5

Altars:
Ashenzari
Elyvilon
Gozag
Hepliaklqana
Makhleb
Nemelex Xobeh
Okawaru
Qazlal
Trog
Uskayaw
Vehumet
Wu Jian
Yredelemnul


Innate Abilities, Weirdness & Mutations

Your experience applies equally to all skills.
You have very sharp teeth.
Your uncanny sense of smell can sniff out nearby items.


Message History

You are feeling hungry.
The two-headed ogre shouts in stereo!
Found a rapier.
You hit the two-headed ogre but do no damage.
The two-headed ogre is poisoned.
The two-headed ogre closely misses you. The two-headed ogre misses you.
You hit the two-headed ogre but do no damage.
Your punch misses the two-headed ogre.
The two-headed ogre is lightly wounded.
You hit the two-headed ogre.
The two-headed ogre looks as sick as possible!
The two-headed ogre is lightly wounded.
The two-headed ogre hits you but does no damage.
The two-headed ogre hits you with a +0 giant club!!
You hit the two-headed ogre but do no damage.
The two-headed ogre is lightly wounded.
The two-headed ogre hits you with a +0 giant club!!
* * * LOW HITPOINT WARNING * * *
The two-headed ogre hits you with a +0 giant club!!
You die...

...#.#...#####.# ..#
.....###.......#
..##### ...###
##......##...)..# ##..#
#...##...#.# .##.###
#.....>#.#.#
.##...#####....#...##
..>##....##.##......###
.#.>.###....####O.....#
####..#...### #@#......
. ##.....## #..###....
..##........###... ....
#....###..#..##.### ..#
##.#.####.##.##.# # .#
...#....#.......###..
#######....#.#.....
##########.......#
.................######


You could see a two-headed ogre.

Vanquished Creatures
  Prince Ribbit (D:6)
  Eustachio (D:5)
  A phantom (D:6)
  An ice beast (D:5)
  A sky beast (D:5)
  An ogre (D:5)
  2 centaurs
  Blork the orc (D:4)
  A bullfrog (D:6)
  A scorpion (D:5)
  2 bullfrog zombies (D:5)
  A centaur zombie (D:6)
  2 crimson imps
  A jelly (D:6)
  An orc priest (D:3)
  A bullfrog skeleton (D:3)
  3 orc wizards
  4 worker ants
  Natasha (thrice) (D:2)
  A hound skeleton (D:4)
  A howler monkey skeleton (D:4)
  10 adders
  An adder skeleton (D:4)
  An adder zombie (D:3)
  9 worms
  3 dart slugs (D:2)
  2 leopard geckos
  15 orcs
  12 bats
  A bat zombie (D:6)
  6 giant cockroaches
  11 hobgoblins
  12 jackals
  3 quokkas
  A ball python (D:2)
  6 frilled lizards
  8 goblins
  A jackal zombie (D:6)
  8 kobolds
  10 rats
151 creatures vanquished.

Notes
Turn   | Place    | Note
-------+----------+-------------------------------------------
     0 | D:1      | Nattfarinn the Gnoll Skald began the quest for the Orb.
     0 | D:1      | Reached XP level 1. HP: 20/20 MP: 6/6
   148 | D:1      | Reached XP level 2. HP: 26/26 MP: 7/7
   845 | D:2      | Reached XP level 3. HP: 31/31 MP: 9/9
   862 | D:2      | Reached skill level 5 in Spellcasting
   977 | D:2      | Reached skill level 1 in Invocations
  1090 | D:2      | Reached skill level 1 in Short Blades
  1090 | D:2      | Reached skill level 1 in Long Blades
  1090 | D:2      | Reached skill level 1 in Axes
  1090 | D:2      | Reached skill level 1 in Maces & Flails
  1090 | D:2      | Reached skill level 1 in Staves
  1090 | D:2      | Reached skill level 1 in Slings
  1090 | D:2      | Reached skill level 1 in Bows
  1090 | D:2      | Reached skill level 1 in Crossbows
  1090 | D:2      | Reached skill level 1 in Throwing
  1090 | D:2      | Reached skill level 1 in Stealth
  1090 | D:2      | Reached skill level 1 in Shields
  1090 | D:2      | Reached skill level 1 in Unarmed Combat
  1090 | D:2      | Reached skill level 1 in Evocations
  1106 | D:2      | Reached XP level 4. HP: 38/38 MP: 11/11
  1302 | D:2      | Reached skill level 1 in Conjurations
  1302 | D:2      | Reached skill level 1 in Hexes
  1302 | D:2      | Reached skill level 1 in Summonings
  1302 | D:2      | Reached skill level 1 in Necromancy
  1302 | D:2      | Reached skill level 1 in Translocations
  1302 | D:2      | Reached skill level 1 in Transmutations
  1302 | D:2      | Reached skill level 1 in Fire Magic
  1302 | D:2      | Reached skill level 1 in Ice Magic
  1302 | D:2      | Reached skill level 1 in Air Magic
  1302 | D:2      | Reached skill level 1 in Earth Magic
  1302 | D:2      | Reached skill level 1 in Poison Magic
  1428 | D:2      | Reached XP level 5. HP: 43/43 MP: 12/12
  1891 | D:2      | Noticed Natasha
  1903 | D:2      | Killed Natasha
  1908 | D:2      | Noticed Natasha
  1921 | D:2      | Killed Natasha
  2160 | D:2      | Noticed Natasha
  2169 | D:2      | Killed Natasha
  2442 | D:2      | Reached XP level 6. HP: 23/50 MP: 13/13
  2899 | D:3      | Found a white marble altar of Elyvilon.
  3113 | D:3      | Found a radiant altar of Vehumet.
  3130 | D:3      | Reached skill level 5 in Fighting
  3130 | D:3      | Reached skill level 5 in Polearms
  3130 | D:3      | Reached skill level 5 in Dodging
  3610 | D:4      | Found a sparkling altar of Nemelex Xobeh.
  3700 | D:4      | Reached XP level 7. HP: 31/56 MP: 15/15
  4578 | D:5      | Entered Level 5 of the Dungeon
  4879 | D:5      | Found a staircase to the Ecumenical Temple.
  4889 | D:5      | Noticed Eustachio
  4902 | D:5      | Noticed Blork the orc
  5428 | D:4      | Killed Blork the orc
  5759 | D:5      | Killed Eustachio
  5759 | D:5      | Reached XP level 8. HP: 63/63 MP: 16/16
  6016 | Temple   | Entered the Ecumenical Temple
  6023 | Temple   | Became a worshipper of Uskayaw the Reveler
  6208 | D:5      | Found an iron altar of Okawaru.
  6324 | D:5      | Reached * piety under Uskayaw
  6719 | D:6      | Reached ** piety under Uskayaw
  7190 | D:6      | Noticed Prince Ribbit
  7223 | D:6      | Killed Prince Ribbit
  7223 | D:6      | Reached XP level 9. HP: 30/69 MP: 18/18
  7682 | D:6      | Noticed a two-headed ogre
  7694 | D:6      | Mangled by a two-headed ogre

Levels and vault maps discovered:
D:1:      nicolae_arrival_memento_mori, layout_basic
D:2:      layout_basic, minmay_joined_circles, uniq_natasha
D:3:      layout_rooms, vehumet_crystals, cheibrodos_sewer_entry_bend,
          lemuel_altar_in_water
D:4:      layout_cave_pods, first_ration, minivault_19, roderic_roman_lattice,
          nemelex_xobeh_ov_fountains_minmay
D:5:      layout_loops_ring, overflow_temple_1_default,
          nicolae_overflow_hidden_temple, minmay_temple_entry_butterflies,
          uniq_blork_the_orc, uniq_eustachio
D:6:      layout_rooms, lemuel_zombie_altar_kikubaaqudgha,
          fedhas_altar_decomposition, uniq_prince_ribbit1
Temple:   nicolae_temple_x_marks_the_god

Skill      XL: |  1  2  3  4  5  6  7  8 |
---------------+-------------------------+-----
Spellcasting   | 5 6 |  6.3
Invocations    | 1 2 3 4 |  4.2
Short Blades   | 1 2 3 |  3.8
Long Blades    | 1 2 3 |  3.8
Axes           | 1 2 3 |  3.8
Maces & Flails | 1 2 3 |  3.8
Staves         | 1 2 3 |  3.8
Slings         | 1 2 3 |  3.8
Bows           | 1 2 3 |  3.8
Crossbows      | 1 2 3 |  3.8
Throwing       | 1 2 3 |  3.8
Stealth        | 1 2 3 |  3.8
Shields        | 1 2 3 |  3.8
Unarmed Combat | 1 2 3 |  3.8
Evocations     | 1 2 3 |  3.8
Conjurations   | 1 2 3 |  3.1
Hexes          | 1 2 3 |  3.1
Summonings     | 1 2 3 |  3.1
Necromancy     | 1 2 3 |  3.1
Translocations | 1 2 3 |  3.1
Transmutations | 1 2 3 |  3.1
Fire Magic     | 1 2 3 |  3.1
Ice Magic      | 1 2 3 |  3.1
Air Magic      | 1 2 3 |  3.1
Earth Magic    | 1 2 3 |  3.1
Poison Magic   | 1 2 3 |  3.1
Armour         | 3 4 |  4.6
Fighting       | 5 6 |  6.0
Polearms       | 5 6 |  6.0
Dodging        | 5 6 |  6.0
Charms         | 6 |  6.3

Action                   |  1- 3 |  4- 6 |  7- 9 || total
-------------------------+-------+-------+-------++-------
Melee: Dagger            |   112 |   342 |   312 ||   766
       Spear             |     8 |       |       ||     8
       Bite              |    10 |    27 |    49 ||    86
       Punch             |       |     5 |     2 ||     7
Evoke: Wand              |       |       |     2 ||     2
  Use: Scroll            |     1 |       |     4 ||     5
       Potion            |       |       |     1 ||     1
 Stab: Sleeping          |     1 |     1 |       ||     2
  Eat: Chunk             |     1 |     8 |     6 ||    15
       Ration            |       |       |     2 ||     2
Armor: Leather armour    |    14 |    53 |     8 ||    75
       Scale mail        |       |       |    42 ||    42
Dodge: Dodged            |    97 |   497 |   269 ||   863

Table legend:
 A = Non-vault XP
 B = Vault XP
 C = Vault XP percentage of total XP
 D = Non-vault monster count
 E = Vault monster count
 F = Vault count percentage of total count
                 A         B        C        D         E       F
            +---------+---------+-------+---------+---------+-------
      Total |    1937 |     645 |  25.0 |     130 |      21 |  13.9
            +---------+---------+-------+---------+---------+-------
        D:1 |      31 |       0 |   0.0 |      19 |       0 |   0.0
        D:2 |     236 |      65 |  21.6 |      46 |      16 |  25.8
        D:3 |     228 |       5 |   2.1 |      22 |       1 |   4.3
        D:4 |     231 |      99 |  30.0 |      22 |       1 |   4.3
        D:5 |     712 |     188 |  20.9 |      13 |       1 |   7.1
        D:6 |     499 |     288 |  36.6 |       8 |       2 |  20.0
            +---------+---------+-------+---------+---------+-------
